AoeStats
← 374216472

Fortress

509104450Analyzed
4v4 RM · 6d ago on Sep 25, 2026· 82m 57s· 8 players
Game mode
Random Map
Map size
Huge
Population
200
Speed
Normal
Resources
Standard
Victory
Conquest
Starting age
Dark Age
Ending age
Imperial Age
RankedLock teamsTeams togetherTeam positionsShared explorationLock speedFull tech treeHidden civsTurbo modeCheats
Victory
Defeat
🇨🇳 Vietnamese · China
1235
+8
🇨🇳 Persians · China
1071
+14
🇩🇪 Teutons · Germany
1047
+15
🇰🇷 Franks · South Korea
593
+30
🇫🇷 Saracens · France
1039
-17
🇨🇳 Danes · China
1036
-17
🇸🇪 Varangians · Sweden
1011
-16
🇭🇰 Magyars · Hong Kong SAR China
1002
-37
lyonnais--86
7:51 Feudal Age
9:12 Double-Bit Axe
12:03 Castle Age
9:57 Horse Collar
13:01 Bow Saw
12:53 Heavy Plow
16:27 Loom
20:29 Wheelbarrow
27:23 Imperial Age
25:16 Hand Cart
26:46 Scale Barding Armor
26:51 Forging
26:45 Town Watch
28:10 Chain Barding Armor
29:51 Iron Casting
28:54 Elite Mameluke
29:55 Conscription
30:16 Plate Barding Armor
30:05 Husbandry
30:16 Bloodlines
29:58 Light Cavalry
32:17 Blast Furnace
36:04 Hussar
50:35 Caravan
dnyddg
7:06 Feudal Age
12:50 Castle Age
10:52 Double-Bit Axe
19:25 Scale Mail Armor
19:35 Forging
20:10 Wheelbarrow
21:53 Loom
22:40 Fletching
25:38 Squires
28:41 Iron Casting
30:27 Hamask
31:24 Chain Mail Armor
31:32 Gambesons
31:33 Arson
31:42 Horse Collar
36:32 Imperial Age
38:18 Blast Furnace
37:49 Plate Mail Armor
36:40 Elite Jomsviking
38:08 Conscription
38:16 Bow Saw
38:13 Heavy Plow
41:19 Northmen's Fury
41:57 Bodkin Arrow
43:06 Bracer
43:15 Siege Engineers
42:45 Cranequins
47:07 Hoardings
47:14 Caravan
48:26 Padded Archer Armor
53:09 Hand Cart
53:04 Heavy Mounted Crossbowman
53:50 Thumb Ring
53:53 Scale Barding Armor
58:35 Murder Holes
65:57 Light Cavalry
66:49 Bloodlines
66:39 Husbandry
69:33 Pikeman
70:35 Leather Archer Armor
70:41 Chain Barding Armor
71:21 Halberdier
75:35 Plate Barding Armor
75:18 Onager
77:26 Siege Onager
80:53 Ring Archer Armor
philipbacklund92
0:35 Loom
7:43 Feudal Age
11:59 Castle Age
10:07 Double-Bit Axe
10:11 Horse Collar
19:22 Wheelbarrow
19:34 Forging
19:30 Scale Barding Armor
19:31 Gold Mining
22:02 Bow Saw
23:03 Bloodlines
23:06 Husbandry
24:05 Chain Barding Armor
24:48 Iron Casting
25:48 Hand Cart
30:10 Imperial Age
29:27 Vendel Legacy
30:20 Cavalier
32:33 Plate Barding Armor
32:58 Blast Furnace
32:21 Conscription
36:41 Stone Mining
37:11 Heavy Plow
38:15 Two-Man Saw
36:42 Light Cavalry
38:39 Hussar
47:39 Caravan
54:40 Fletching
55:53 Bodkin Arrow
55:59 Padded Archer Armor
57:14 Bracer
57:58 Leather Archer Armor
57:16 Elite Skirmisher
60:11 Ballistics
60:52 Chemistry
67:18 Coinage
68:31 Banking
74:07 Siege Engineers
73:57 Murder Holes
74:14 Fortified Wall
74:15 Masonry
80:41 Scale Mail Armor
80:07 Gothikon
374216472
7:41 Feudal Age
8:07 Double-Bit Axe
8:03 Horse Collar
10:15 Wheelbarrow
12:29 Gold Mining
15:11 Castle Age
16:02 Bow Saw
15:54 Heavy Plow
15:57 Corvinian Army
18:00 Gold Shaft Mining
18:31 Scale Barding Armor
21:09 Hand Cart
20:49 Treadmill Crane
21:52 Bloodlines
23:27 Masonry
23:12 Town Watch
23:39 Husbandry
29:32 Imperial Age
27:45 Light Cavalry
28:50 Chain Barding Armor
32:02 Cavalier
37:00 Conscription
37:21 Pikeman
38:35 Halberdier
55:00 Crop Rotation
54:46 Elite Magyar Huszar
57:05 Hoardings
61:19 Scale Mail Armor
62:00 Plate Barding Armor
75:59 Caravan
jcg2212
10:04 Loom
12:02 Feudal Age
13:13 Double-Bit Axe
18:08 Gold Mining
18:08 Stone Mining
18:34 Scale Barding Armor
23:25 Castle Age
20:55 Man-at-Arms
21:21 Arson
25:08 Bow Saw
27:10 Chain Barding Armor
27:03 Herbal Medicine
29:27 Husbandry
28:48 Light Cavalry
35:16 Wheelbarrow
36:56 Gold Shaft Mining
38:55 Caravan
39:25 Coinage
40:12 Hand Cart
40:01 Ordonnance Companies
44:36 Imperial Age
42:33 Ordonnance Companies
43:47 Town Watch
46:08 Town Patrol
48:21 Elite Throwing Axeman
49:02 Chivalry
49:21 Cavalier
51:23 Chemistry
50:44 Ballistics
51:08 Plate Barding Armor
50:34 Scale Mail Armor
50:44 Forging
51:34 Banking
50:36 Paladin
55:07 Chain Mail Armor
55:28 Iron Casting
56:44 Onager
56:45 Capped Ram
56:45 Heavy Scorpion
61:43 Pikeman
62:24 Squires
62:10 Gambesons
61:45 Long Swordsman
70:20 Heavy Mounted Crossbowman
70:20 Cranequins
70:21 Crossbowman
70:21 Elite Skirmisher
71:37 Plate Mail Armor
72:08 Blast Furnace
71:08 Padded Archer Armor
70:58 Fletching
70:55 Treadmill Crane
71:26 Masonry
73:41 Halberdier
74:07 Gambesons
73:43 Long Swordsman
75:56 Conscription
76:11 Hoardings
82:04 Two-Handed Swordsman
潦倒
7:21 Feudal Age
12:00 Castle Age
10:34 Double-Bit Axe
11:04 Horse Collar
13:11 Bow Saw
17:00 Wheelbarrow
19:02 Gold Mining
20:58 Stone Mining
21:54 Loom
24:45 Imperial Age
24:19 Hand Cart
24:04 Fletching
24:15 Padded Archer Armor
24:40 Ballistics
24:35 Town Watch
25:13 Caravan
26:35 Two-Man Saw
25:43 Bodkin Arrow
27:39 Bracer
27:55 Leather Archer Armor
28:45 Chemistry
27:26 Treadmill Crane
27:58 Masonry
31:31 Ring Archer Armor
30:25 Elite Rattan Archer
40:14 Thumb Ring
39:30 Crossbowman
40:50 Arbalester
45:08 Scale Mail Armor
45:19 Forging
45:27 Pikeman
46:08 Squires
45:54 Arson
50:56 Chain Mail Armor
50:46 Halberdier
52:18 Paper Money
56:16 Plate Mail Armor
56:22 Iron Casting
58:02 Coinage
62:54 Banking
62:34 Guilds
63:20 Elite Skirmisher
72:49 Fortified Wall
72:51 Careening
72:44 Murder Holes
77:50 Town Patrol
82:32 Capped Ram
CryZon
3:41 Loom
6:27 Feudal Age
12:01 Castle Age
10:09 Double-Bit Axe
14:12 Squires
16:34 Horse Collar
18:48 Sanctity
23:02 Fletching
23:13 Scale Mail Armor
23:34 Town Watch
27:53 Scale Barding Armor
28:07 Chain Mail Armor
28:02 Forging
29:03 Wheelbarrow
29:03 Heavy Plow
33:35 Imperial Age
33:07 Bow Saw
33:15 Bloodlines
34:05 Cavalier
35:54 Scale Barding Armor
36:25 Iron Casting
38:37 Chain Barding Armor
39:17 Blast Furnace
39:11 Hoardings
39:08 Masonry
40:08 Hand Cart
39:54 Town Patrol
41:17 Paladin
56:28 Plate Barding Armor
65:06 Caravan
NthEagle7752776
10:35 Feudal Age
15:29 Castle Age
13:17 Double-Bit Axe
13:15 Horse Collar
14:39 Gold Mining
14:44 Stone Mining
16:55 Bow Saw
16:48 Heavy Plow
23:33 Stone Shaft Mining
23:34 Gold Shaft Mining
23:40 Wheelbarrow
22:51 Loom
22:52 Town Watch
26:57 Hand Cart
29:56 Imperial Age
30:25 Scale Barding Armor
30:31 Forging
32:19 Bloodlines
32:10 Husbandry
32:41 Conscription
33:58 Elite War Elephant
35:15 Chain Barding Armor
35:31 Iron Casting
35:19 Fletching
37:03 Plate Barding Armor
38:14 Blast Furnace
42:00 Bodkin Arrow
51:00 Caravan
62:11 Hoardings
82:48 Pikeman
82:48 Man-at-Arms
83:14 Gambesons
83:30 Squires
83:16 Arson
84:07 Coinage
Connection lost

Rejoining the realm…

Still unreachable

The connection could not be restored.

Session expired

The server has moved on; the page needs a fresh start.